Map: 黄金之柱-天梯版

Players

Silky

  • Race: Zerg Zerg
  • League: Master

TIME (Oliveira) - Winner!

  • Race: Terran Terran

Event: DreamHack SC2 Masters 2020 Summer China

VOD

Have the link to the VOD?

Description

Time

  • Played on: July 5, 2020, 7:07 a.m.
  • Length: 7:33

All games in this series

Show
View Real Time Build Order
Export as new Build Order

Silky Zerg 

Build Orders: Hatch First 

Get SALT Encoding   

  12  0:00  Drone  
  13  0:13  Overlord  
  13  0:19  Drone  
  14  0:32  Drone x2  
  16  0:51  Hatchery  
  16  0:53  Drone  
  16  0:56  Drone  
  17  1:00  Drone  
  18  1:07  Extractor  
  17  1:16  Spawning Pool  
  16  1:22  Drone x2  
  18  1:29  Drone  
  19  1:40  Drone  
  20  1:51  Drone  
  21  2:03  Queen x2, Zergling x2  
  21  2:04  Zergling x2  
  21  2:07  Metabolic Boost  
  27  2:13  Overlord  
  27  2:17  Drone  
  28  2:33  Drone x2  
  28  2:35  Drone  
  28  2:36  Drone  
  32  2:38  Queen  
  34  2:45  Overlord  
  34  2:47  Drone  
  35  2:56  Drone  
  36  3:00  Overlord  
  36  3:11  Drone x7  
  43  3:13  Drone  
  44  3:23  Drone  
  45  3:27  Evolution Chamber x2  
  45  3:32  Zergling x6  
  46  3:41  Hatchery  
  45  3:44  Drone x2  
  47  3:49  Zergling x2  
  47  3:50  Drone x2  
  47  3:53  Extractor  
  49  3:56  Zerg Ground Armor Level 1  
  49  4:01  Zerg Melee Weapons Level 1  
  49  4:06  Baneling Nest  
  49  4:07  Drone x2  
  50  4:10  Overlord  
  50  4:12  Zergling x2  
  50  4:15  Zergling x2  
  52  4:17  Overlord  
  52  4:25  Overlord  
  49  4:32  Zergling x2  
  49  4:33  Zergling x4  
  49  4:35  Overlord, Zergling x2  
  49  4:37  Overlord  
  53  4:40  Zergling x4  
  53  4:45  Zergling x2  
  54  4:48  Spore Crawler  
  54  4:50  Zergling x2  
  54  4:53  Zergling x8  
  54  4:59  Zergling x6  
  61  5:01  Spore Crawler  
  59  5:07  Zergling x6  
  62  5:17  Zergling x6  
  65  5:23  Zergling x2  
  65  5:24  Zergling x4  
  65  5:25  Zergling x10  
  73  5:28  Zergling x4  
  73  5:31  Zergling x4  
  75  5:40  Zergling x6  
  78  5:46  Baneling x11  
  78  5:49  Zergling x2  
  79  5:50  Baneling x2  
  79  5:51  Baneling  
  79  5:52  Baneling x2  
  79  5:54  Baneling  
  79  5:55  Baneling x2  
  79  5:56  Baneling  
  79  5:58  Baneling  
  79  5:59  Zergling x2  
  80  6:04  Zergling x2  
  80  6:05  Zergling x4  
  80  6:06  Baneling x2  
  80  6:08  Zergling x2  
  58  6:19  Zergling x12  
  58  6:22  Zergling x2  
  58  6:24  Zergling x4  
  60  6:26  Zergling x2  
  60  6:28  Zergling x2  
  57  6:33  Zergling x6  
  57  6:35  Zergling x2  
  57  6:36  Zergling x2  
  60  6:42  Zergling x6  
  61  6:56  Baneling x12  
  61  6:57  Zergling x4  
  61  6:58  Zergling x2  
  64  7:01  Zergling x2  
  64  7:02  Zergling x2  
  64  7:05  Zergling x4  
  64  7:07  Zergling x2  
  69  7:09  Zergling x2  
  69  7:14  Zergling x6  
Show
View Real Time Build Order
Export as new Build Order

TIME Terran - Winner!

Build Orders: Reaper Expand, Banshee Rush 

Get SALT Encoding   

  12  0:01  SCV  
  14  0:14  SCV  
  14  0:18  Supply Depot  
  14  0:26  SCV  
  15  0:40  SCV  
  15  0:42  Barracks  
  16  0:47  Refinery  
  16  0:52  SCV  
  17  1:04  SCV  
  18  1:16  SCV  
  19  1:30  Orbital Command, Reaper  
  20  1:43  Command Center  
  20  1:53  Supply Depot  
  20  1:56  SCV  
  21  2:02  Marine  
  21  2:08  SCV  
  23  2:12  Factory  
  23  2:20  SCV  
  23  2:22  Refinery  
  24  2:25  Barracks Reactor  
  24  2:32  SCV  
  25  2:45  SCV  
  26  2:56  Orbital Command  
  26  2:57  Starport  
  26  2:58  SCV  
  26  3:04  Hellion  
  31  3:05  Hellion  
  31  3:09  Barracks Tech Lab  
  31  3:10  SCV  
  32  3:23  SCV x2  
  32  3:26  Hellion  
  36  3:27  Supply Depot  
  36  3:35  SCV x2  
  36  3:39  Cloaking Field, Banshee  
  41  3:41  Marine  
  41  3:47  Hellion  
  44  3:49  Hellion  
  44  3:52  Supply Depot  
  44  3:54  SCV  
  46  3:55  SCV  
  46  4:02  Barracks Tech Lab  
  47  4:08  SCV  
  47  4:09  SCV  
  49  4:17  Command Center  
  49  4:20  Factory Reactor  
  49  4:23  SCV x2, Supply Depot  
  51  4:27  Banshee  
  54  4:33  Marine  
  54  4:35  SCV, Stimpack  
  56  4:43  SCV  
  57  4:46  Barracks  
  57  4:49  SCV, Barracks  
  57  4:52  Marine  
  59  4:56  SCV  
  60  5:01  SCV  
  60  5:05  Engineering Bay  
  61  5:09  Refinery x2, Engineering Bay  
  61  5:10  Marine  
  62  5:15  SCV  
  62  5:17  Siege Tank  
  62  5:18  Starport Reactor  
  66  5:21  SCV  
  66  5:28  SCV  
  68  5:31  Orbital Command  
  68  5:35  Marine x2  
  68  5:37  Terran Infantry Weapons Level 1, Terran Infantry Armor Level 1  
  68  5:39  SCV  
  68  5:40  SCV  
  72  5:42  Supply Depot  
  72  5:44  Marine x3  
  75  5:51  SCV  
  75  5:52  SCV, Siege Tank  
  75  5:53  Marine  
  75  5:54  Orbital Command  
  81  5:58  Marine  
  81  5:59  Medivac  
  81  6:02  Marine  
  85  6:04  Medivac  
  85  6:05  Supply Depot, SCV x2  
  89  6:17  Marine  
  89  6:18  Marine  
  71  6:22  Marine  
  71  6:25  Marine x2  
  67  6:26  Siege Tank  
  67  6:27  SCV  
  67  6:32  SCV x2  
  68  6:35  Marine  
  68  6:36  Marine  
  68  6:38  Supply Depot  
  68  6:39  SCV  
  71  6:40  Marine, Supply Depot  
  71  6:41  Medivac  
  71  6:43  Marine x2  
  71  6:44  SCV x2  
  78  6:49  Medivac  
  78  6:51  SCV  
  78  6:53  Marine  
  78  6:54  Marine  
  82  6:56  SCV x2  
  82  6:57  Marine  
  82  7:01  Marine, Siege Tank  
  89  7:03  SCV  
  89  7:07  Supply Depot  
  91  7:08  Marine, SCV  
  91  7:09  SCV  
  91  7:12  Marine  
  95  7:15  SCV  
Tags
 
Add a new tag
Caveats
  • Supply blocks, unpowered buildings, or Contaminate may cause inaccurate times.
  • Supply counts are checked every 10 seconds.